Map: New Gettysburg LE

Players

MarineLorD

  • Race: Terran Terran
  • League: Master

Elazer - Winner!

  • Race: Zerg Zerg
  • League: Master

VOD

Have the link to the VOD?

Description

Time

  • Played on: Nov. 23, 2016, 1:46 p.m.
  • Length: 15:21
Show
View Real Time Build Order
Export as new Build Order

MarineLorD Terran 

Build Orders: Reaper Expand, Mech 

Get SALT Encoding   

  12  0:00  SCV  
  13  0:12  SCV  
  14  0:17  Supply Depot  
  14  0:24  SCV  
  15  0:34  Refinery  
  15  0:39  SCV  
  16  0:45  Barracks  
  16  0:51  SCV  
  17  1:03  SCV  
  18  1:15  SCV  
  19  1:31  Orbital Command  
  19  1:32  Reaper  
  20  1:43  Command Center  
  20  1:57  Factory, SCV  
  21  2:04  Supply Depot  
  21  2:09  SCV  
  21  2:11  Barracks Reactor  
  22  2:21  SCV  
  23  2:33  SCV  
  24  2:45  SCV  
  24  2:49  Marine x2  
  24  2:50  Starport  
  26  2:58  SCV  
  26  3:01  Command Center  
  27  3:07  Marine x2  
  27  3:10  SCV  
  29  3:14  Widow Mine  
  29  3:18  Supply Depot  
  31  3:26  SCV  
  32  3:30  Orbital Command  
  32  3:35  Medivac  
  32  3:38  SCV  
  32  3:41  Refinery  
  35  3:46  Marine x2  
  37  3:50  Factory Tech Lab  
  37  3:52  SCV  
  38  3:57  SCV  
  39  4:04  SCV  
  40  4:11  Viking  
  40  4:14  Orbital Command  
  42  4:19  SCV x2  
  42  4:23  Hellion x2  
  48  4:29  Supply Depot  
  48  4:31  SCV  
  49  4:41  SCV  
  49  4:42  SCV  
  49  4:43  SCV  
  49  4:45  Hellion x2  
  56  4:54  SCV  
  56  4:55  SCV  
  57  5:00  Barracks Tech Lab  
  57  5:03  Factory, SCV  
  57  5:05  Starport Reactor, Supply Depot  
  57  5:06  SCV  
  59  5:07  SCV  
  59  5:11  Hellion x2  
  62  5:14  Refinery  
  62  5:15  Refinery  
  62  5:20  SCV  
  62  5:21  Factory  
  63  5:27  SCV  
  64  5:32  Hellion x2, SCV  
  64  5:33  Supply Depot  
  69  5:37  Orbital Command  
  69  5:42  SCV  
  70  5:44  SCV  
  70  5:47  Siege Tank  
  74  5:54  Hellion x2  
  74  5:56  SCV  
  79  6:01  Viking, Supply Depot  
  79  6:02  Viking  
  83  6:05  SCV x2  
  83  6:08  SCV  
  83  6:11  Armory  
  86  6:12  Armory  
  86  6:17  Siege Tank, SCV  
  90  6:19  Hellion  
  90  6:20  SCV  
  90  6:23  SCV  
  94  6:27  Refinery  
  94  6:28  Refinery  
  94  6:29  SCV  
  94  6:32  SCV  
  96  6:37  Siege Tank  
  96  6:38  SCV  
  100  6:44  SCV  
  101  6:50  Factory  
  101  6:51  Engineering Bay  
  101  6:52  Factory  
  101  6:53  Supply Depot  
  101  7:01  Supply Depot  
  101  7:04  SCV x2  
  101  7:10  Supply Depot  
  101  7:11  Supply Depot  
  101  7:14  Siege Tank, SCV  
  105  7:16  Supply Depot, SCV x2  
  107  7:24  Viking x2  
  107  7:26  Siege Tank  
  107  7:28  Terran Vehicle And Ship Armor Level 1  
  114  7:31  Terran Vehicle Weapons Level 1  
  114  7:32  SCV x2  
  114  7:35  SCV  
  117  7:44  SCV x2  
  117  7:47  SCV  
  117  7:48  Siege Tank, Missile Turret  
  117  7:49  Factory Tech Lab  
  117  7:50  Factory Reactor  
  123  7:58  Siege Tank  
  126  8:00  Supply Depot  
  126  8:01  Supply Depot  
  126  8:03  Supply Depot  
  126  8:08  Siege Tank  
  126  8:10  Viking  
  126  8:11  Viking  
  133  8:18  Supply Depot  
  133  8:20  Siege Tank, Supply Depot  
  136  8:31  Siege Tank  
  137  8:37  Missile Turret  
  137  8:39  Command Center, Missile Turret  
  137  8:40  Siege Tank, Viking  
  142  8:41  Viking  
  144  8:52  Siege Tank  
  135  9:03  Siege Tank  
  135  9:04  Hellion x4  
  146  9:10  Command Center  
  146  9:11  Supply Depot  
  146  9:12  Supply Depot  
  138  9:17  Barracks  
  138  9:18  Barracks  
  138  9:24  Terran Vehicle And Ship Armor Level 2  
  138  9:27  Viking  
  140  9:32  Terran Ship Weapons Level 1, Viking  
  138  9:43  Siege Tank x2  
  147  9:51  Hellion x4  
  155  9:57  Medivac  
  157  10:02  Viking  
  157  10:03  Starport  
  157  10:04  Starport  
  156  10:08  Barracks Tech Lab x2  
  156  10:10  Ghost Academy  
  156  10:21  Liberator x2  
  156  10:26  Barracks Tech Lab  
  156  10:29  Missile Turret  
  156  10:30  Refinery, Missile Turret  
  156  10:31  Refinery, Missile Turret  
  156  10:32  Missile Turret  
  156  10:35  Sensor Tower  
  159  10:47  Siege Tank x2  
  157  11:08  Viking x2  
  159  11:18  Ghost x3  
  159  11:19  Personal Cloaking  
  165  11:28  Liberator, Refinery  
  165  11:29  Liberator  
  165  11:32  Refinery  
  165  11:33  Planetary Fortress, Missile Turret x2  
  165  11:39  Hellion x6  
  165  11:42  Command Center  
  165  11:47  Starport Tech Lab, Starport Reactor  
  171  11:54  Missile Turret x2  
  171  11:56  Hellion x2  
  171  12:01  Command Center, Infernal Pre-Igniter  
  171  12:15  Ghost x2  
  171  12:18  Liberator  
  167  12:24  Terran Vehicle And Ship Armor Level 3, Terran Ship Weapons Level 2  
  167  12:27  Ghost  
  172  12:38  Fusion Core  
  154  12:53  Siege Tank x2  
  154  12:56  Siege Tank  
  141  13:01  Orbital Command  
  141  13:02  Ghost x2  
  141  13:04  Liberator x3, SCV x3  
  119  13:16  SCV x3  
  122  13:20  Refinery  
  122  13:25  Liberator x2  
  131  13:28  SCV x2  
  131  13:30  SCV  
  134  13:35  Planetary Fortress  
  132  13:49  SCV x3  
  132  13:51  SCV  
  136  13:57  Siege Tank  
  139  14:05  SCV x4  
  143  14:11  Siege Tank  
  146  14:19  Missile Turret  
  146  14:21  Hi-Sec Auto Tracking, Missile Turret  
  146  14:28  Ghost  
  126  14:59  Hellbat x4  
Show
View Real Time Build Order
Export as new Build Order

Elazer Zerg - Winner!

Build Orders: Pool First 

Get SALT Encoding   

  12  0:00  Drone  
  13  0:12  Overlord  
  13  0:17  Drone  
  14  0:31  Drone x2  
  14  0:35  Drone  
  17  0:45  Drone, Extractor  
  17  0:51  Spawning Pool  
  17  0:56  Drone  
  17  1:07  Drone  
  18  1:20  Hatchery  
  18  1:23  Drone  
  18  1:37  Queen  
  18  1:38  Zergling x2  
  21  1:45  Metabolic Boost  
  21  1:53  Overlord  
  21  1:56  Drone  
  22  2:13  Queen, Drone x2  
  26  2:22  Drone  
  27  2:32  Pneumatized Carapace  
  27  2:33  Drone  
  27  2:34  Drone  
  29  2:46  Extractor  
  29  2:47  Drone  
  29  2:51  Drone x3  
  32  2:56  Hatchery  
  32  3:02  Drone  
  32  3:03  Drone  
  34  3:06  Drone  
  34  3:09  Overlord  
  35  3:13  Drone  
  36  3:27  Queen  
  36  3:28  Drone x3  
  36  3:29  Overlord  
  36  3:31  Drone x2  
  43  3:42  Drone  
  44  3:51  Drone  
  44  3:52  Spore Crawler  
  44  3:58  Drone x3, Extractor  
  44  3:59  Drone x2  
  44  4:02  Zergling x6  
  51  4:07  Queen, Overlord  
  53  4:10  Zergling x4, Queen  
  53  4:16  Spore Crawler  
  56  4:18  Zergling x2, Evolution Chamber x2  
  55  4:26  Drone x2  
  55  4:29  Drone  
  58  4:31  Drone x2  
  58  4:35  Drone x3  
  58  4:37  Drone  
  64  4:41  Drone  
  64  4:42  Drone  
  64  4:43  Overlord  
  66  4:55  Zerg Ground Armor Level 1, Zerg Missile Weapons Level 1  
  66  4:56  Overlord  
  66  5:01  Overlord  
  66  5:04  Extractor  
  66  5:05  Drone  
  66  5:13  Queen  
  68  5:15  Drone x6  
  68  5:17  Lair  
  74  5:24  Overlord  
  74  5:25  Drone x3  
  77  5:32  Hatchery  
  77  5:33  Drone x2  
  77  5:34  Drone  
  79  5:37  Roach Warren, Extractor  
  79  5:39  Overlord  
  74  5:47  Overlord  
  74  5:53  Drone x3  
  74  5:56  Zergling x8  
  81  5:59  Overlord  
  81  6:01  Queen  
  82  6:05  Drone  
  82  6:06  Extractor  
  82  6:14  Drone x2  
  82  6:15  Drone  
  82  6:17  Extractor  
  84  6:22  Drone x3  
  84  6:23  Drone  
  84  6:25  Glial Reconstitution, Hydralisk Den  
  87  6:26  Roach x7  
  101  6:35  Roach x5  
  110  6:41  Overlord  
  109  6:50  Zerg Missile Weapons Level 2, Zerg Ground Armor Level 2  
  109  6:51  Drone  
  109  6:52  Drone  
  106  6:54  Overlord  
  106  6:55  Infestation Pit  
  106  6:59  Overlord  
  105  7:02  Drone x5  
  110  7:10  Hatchery, Drone x4  
  110  7:11  Grooved Spines  
  110  7:14  Roach x3  
  119  7:17  Overlord  
  119  7:18  Overlord  
  119  7:19  Drone x2  
  119  7:21  Overseer  
  121  7:25  Overlord  
  121  7:30  Hydralisk x2, Roach x2  
  121  7:32  Hydralisk  
  131  7:39  Drone x5  
  136  7:46  Drone  
  136  7:49  Extractor  
  136  7:54  Extractor  
  136  7:55  Drone x6  
  136  7:56  Overlord  
  136  7:57  Hive  
  141  7:58  Tunneling Claws  
  141  8:03  Burrow  
  141  8:06  Hatchery, Hydralisk x3  
  146  8:15  Hydralisk x5  
  156  8:24  Overlord x2  
  156  8:26  Muscular Augments  
  156  8:35  Hydralisk x5  
  156  8:37  Overlord x3  
  162  9:00  Drone  
  162  9:01  Drone x5  
  165  9:03  Overlord  
  165  9:07  Roach x6  
  165  9:08  Roach x2  
  181  9:12  Viper x3  
  181  9:13  Hatchery  
  189  9:20  Viper  
  192  9:25  Spore Crawler  
  192  9:26  Spine Crawler, Roach x4  
  192  9:28  Spine Crawler  
  192  9:29  Roach  
  199  9:34  Spine Crawler  
  198  9:42  Zerg Missile Weapons Level 3  
  198  9:46  Zerg Ground Armor Level 3  
  198  9:55  Roach  
  198  9:59  Spire  
  199  10:22  Roach x3  
  199  10:25  Roach x5  
  199  10:26  Roach x7  
  199  10:29  Roach  
  199  10:32  Roach x8  
  185  10:53  Hydralisk  
  185  10:54  Hydralisk x5  
  197  11:02  Viper x5  
  191  11:04  Viper  
  191  11:07  Extractor  
  191  11:08  Extractor, Drone x5  
  191  11:09  Drone  
  198  11:14  Greater Spire  
  198  11:16  Drone x2  
  200  11:25  Spire  
  199  11:30  Spine Crawler x2  
  199  11:31  Spine Crawler  
  196  11:33  Spine Crawler  
  195  12:10  Hydralisk x2  
  199  12:26  Zerg Flyer Weapons Level 1  
  199  12:30  Overseer  
  199  12:32  Overseer x2  
  158  12:53  Zerg Flyer Armor Level 1  
  158  12:55  Viper x2  
  158  12:56  Viper x3  
  153  13:09  Viper  
  153  13:10  Viper  
  153  13:12  Hydralisk x2  
  145  13:13  Hydralisk x11  
  145  13:15  Roach  
  145  13:16  Roach x14  
  199  13:25  Extractor  
  199  13:26  Extractor  
  197  13:35  Hatchery  
  197  13:39  Hatchery  
  197  13:40  Roach x4  
  200  14:11  Roach x3  
Tags
 
Add a new tag
Caveats
  • Supply blocks, unpowered buildings, or Contaminate may cause inaccurate times.
  • Supply counts are checked every 10 seconds.